 Dungeon Crawl Stone Soup version 0.31-a0-595-g4209ae197b (webtiles) character file.

Game seed: 1096765890010118804

38 Descartes the Changeling (level 3, -4/15 HPs)
             Began as a Felid Shapeshifter on Aug 20, 2023.
             Slain by Terence
             ... wielding a +4 flail
              (11 damage)
             ... on level 2 of the Dungeon.
             The game lasted 00:01:15 (785 turns).

Descartes the Changeling (Felid Shapeshifter)        Turns: 785, Time: 00:01:16

Health: -4/15      AC:  1    Str: 13    XL:     3   Next: 25%
Magic:  4/4        EV: 18    Int:  9    God:
Gold:   61         SH:  0    Dex: 16    Spells: 2/2 levels left
                                        Lives:  0   Deaths: 0

rFire   . .          .
                       - Unarmed
rCold   . . .        (shield unavailable)
rNeg    . . .        (body armour unavailable)
rPois   .            (helmet unavailable)
rElec   .            (cloak unavailable)
rCorr   .            (gloves unavailable)
SInv    +            (boots unavailable)
Will    .....        (no amulet)
Stlth   ++           (no ring)
HPRegen 0.22/turn    (no ring)
MPRegen 0.09/turn

%: no passive effects
@: beast-form, quick
A: beast (slay +2), very small, claws 1, fangs 3, see invisible, speed 1, shaggy
fur 1, stealthy paws, no weapons or thrown items, no armour, multi-lived
a: Begin Untransformation


You were on level 2 of the Dungeon.
You were a hulking beast.
You visited 1 branch of the dungeon, and saw 2 of its levels.

You collected 61 gold pieces.

Inventory:

Talismans
 b - a beast talisman (active)
 c - a flux talisman
Scrolls
 d - a scroll of identify {unknown}
 f - a scroll of noise {unknown}
 h - 2 scrolls of enchant weapon {unknown}
 i - a scroll of blinking {unknown}
 j - a scroll of fog {unknown}
 k - a scroll of immolation
 l - a scroll of teleportation {unknown}
Potions
 a - a potion of lignification
 e - a potion of invisibility {unknown}
 g - 3 potions of brilliance {unknown}


   Skills:
 + Level 1.4 Fighting
 + Level 3.2 Dodging
 + Level 1.6 Stealth
 + Level 3.2 Unarmed Combat
 + Level 1.0 Evocations
 + Level 3.5 Shapeshifting


You had 2 spell levels left.
You didn't know any spells.
Your spell library was empty.

Dungeon Overview and Level Annotations

Branches:
Dungeon (2/15)

Altars:
Kikubaaqudgha

Annotations:
D:2 Terence


Innate Abilities, Weirdness & Mutations

You are a hulking beast.
Your limbs bulge with bestial killing power. (Slay +2)
You have sharp claws.
You have razor-sharp teeth.
You have supernaturally acute eyesight. (SInv)
You cover ground quickly. (Speed+)
You are covered in fur. (AC +1)
Your paws help you pounce on unaware monsters.
You are incapable of wielding weapons or throwing items.
You cannot wear armour.
You gain extra lives every three experience levels.


Message History

Your experience leads to an increase in your attributes!
Increase (S)trength, (I)ntelligence, or (D)exterity?
You feel stronger. x2
Things that are here:
a +0 club; a +0 robe; the human corpse of Jessica
l - a scroll labelled RIFETR YCVUYL
There is a stone staircase leading up here.
Terence is nearby!
Terence shouts!
You closely miss Terence.
Terence is lightly wounded.
Terence closely misses you.
You scratch Terence but do no damage.
Terence is lightly wounded.
Terence closely misses you.
You scratch Terence.
Terence is moderately wounded.
Terence hits you with a +4 flail!
Ouch! That really hurt!
You are too injured to fight recklessly!
You are too injured to fight recklessly!
You are too injured to fight recklessly!
You are too injured to fight recklessly!
You are too injured to fight recklessly!
You are too injured to fight recklessly!
You are too injured to fight recklessly!
You are too injured to fight recklessly!
You are too injured to fight recklessly!
You are too injured to fight recklessly!
You barely miss Terence.
Terence is moderately wounded.
Terence barely misses you.
You barely miss Terence.
Terence is moderately wounded.
Terence closely misses you.
You scratch Terence.
Terence is heavily wounded.
Terence hits you with a +4 flail!
Ouch! That really hurt!
You die...

.......# ##.## #.>.......#
.##.##.# #...# #.#..#.##.#
.##.##.# #...# #.#....##.#
....##.# #...# #.......#.#
.......# #...# #.....<...#
<.#.##.####...######.#..#..#.#
........................#..#.#
..#........................#..
..#.##...<......h@.._.....##.#.
.......####.<.####......... ..
[.............# ........#
#..###..###..$# .....##
#..#.#..#.....# ###
#..#.#..###...# .............##
#..#.#..###..# #..#.#..# #..#


You could see Terence.

Vanquished Creatures
  Jessica (D:2)
  A dart slug (D:1)
  An endoplasm (D:1)
  2 goblins (D:1)
  3 hobgoblins
  A bat (D:1)
  A frilled lizard (D:1)
  A rat (D:1)
11 creatures vanquished.

Notes
Turn   | Place    | Note
-------+----------+-------------------------------------------
     0 | D:1      | Descartes the Felid Shapeshifter began the quest for the
                  | Orb.
     0 | D:1      | Reached XP level 1. HP: 9/9 MP: 2/2
   234 | D:1      | Reached XP level 2. HP: 12/12 MP: 3/3
   293 | D:1      | Reached skill level 1 in Stealth
   600 | D:2      | Noticed Terence
   651 | D:2      | Found an ancient bone altar of Kikubaaqudgha.
   697 | D:2      | Found a faded altar of an unknown god.
   729 | D:2      | Noticed Jessica
   735 | D:2      | Killed Jessica
   736 | D:2      | Reached skill level 1 in Evocations
   736 | D:2      | Reached XP level 3. HP: 15/15 MP: 4/4
   785 | D:2      | Slain by Terence

Illustrated notes

Levels and vault maps discovered:
D:1:      evilmike_arrival_hilbert_curve, layout_rooms
D:2:      layout_loops_cross, basic_altar, hellmonk_ecumenical_altar_blasted,
          minmay_misc_feat_nine_boxes, uniq_terence, uniq_jessica,
          uniq_crazy_yiuf_cottage

Skill      XL: |  1  2 |
---------------+-------+-----
Stealth        | 1 |  1.6
Dodging        | 3 |  3.2
Evocations     | 1 |  1.0
Fighting       | |  1.4
Unarmed Combat | |  3.2
Shapeshifting  | |  3.5

Action                     || total
---------------------------++-------
  Melee: Unarmed           ||    29
         Bite              ||     3
   Stab: Distracted        ||     1
         Sleeping          ||     1
  Dodge: Dodged            ||    14

Table legend: (Time is in decaauts)
 A = Elapsed time spent in this place.
 B = Non-inter-level travel time spent in this place.
 C = Inter-level travel time spent in this place.
 D = Time resting spent in this place.
 E = Time spent auto-exploring this place.
 F = Levels seen in this place.
 G = Mean time per level.
                   A        B        C        D        E       F      G
               +--------+--------+--------+--------+--------+-----+--------+
         Total |    650 |    629 |     21 |      0 |    535 |   2 |  325.0 |
       Dungeon |    650 |    629 |     21 |      0 |    535 |   2 |  325.0 |
               +--------+--------+--------+--------+--------+-----+--------+

Top non-repeatable levels by time:
     D:1: 490 daAuts
     D:2: 159 daAuts
